[Event "*** Titled Tuesday Blitz"]
[Site "Chess.com"]
[Date "2020.12.01"]
[Round "10"]
[White "Enriquack"]
[Black "Luklei18"]
[Result "0-1"]
[WhiteElo "2289"]
[BlackElo "2432"]
[TimeControl "180+1"]
[EndTime "11:53:39 PST"]
[Termination "Luklei18 won by resignation"]

1. e4 d6 2. d4 Nf6 3. Nc3 g6 4.
Nf3 Bg7 5. h3 O-O 6. Be2 c6 7.
a4 Qc7 8. Be3 e5 9. dxe5 dxe5 10. Qc1 a5 11. Nd2 Nbd7 12. Nc4 Re8 13. O-O Bf8 14. Rd1 Nc5 15. Bf3 Be6 16. Bxc5 Bxc5 17.
Ne3 Rad8 18. Ng4 Nxg4 19. hxg4 Qb6 20. Qg5 Rxd1+ 21. Rxd1 Qxb2 22. Qxe5 Bb4 23. Rd3 Qxc2 24. Qd4 Bf8 25. e5 Bg7 26. Re3 Qc1+ 27. Kh2 Bh6 28. Rd3 Qf4+ 29. Qxf4 Bxf4+ 30. g3 Bxe5 0-1

[Event "*** Titled Tuesday Blitz"]
[Site "Chess.com"]
[Date "2020.12.01"]
[Round "10"]
[White "dretch"]
[Black "Witik"]
[Result "1-0"]
[WhiteElo "2819"]
[BlackElo "2617"]
[TimeControl "180+1"]
[EndTime "11:53:43 PST"]
[Termination "dretch won by resignation"]

1. d4 d5 2. c4 e6 3. Nc3 c6 4. e3 Bd6 5. e4 dxe4 6. Nxe4 Bb4+ 7. Bd2 Qxd4 8. Bxb4 Qxe4+ 9. Ne2 Na6 10. Bd6 Ne7 11.
Qd4 Qxd4 12. Nxd4 c5 13. Nb5 Nf5 14. O-O-O Nxd6 15. Rxd6 Ke7 16. Be2 Rd8 17. Rxd8 Kxd8 18. Rd1+ Ke7 19. Bf3 f5 20. a3 Rb8 21. Nxa7 Bd7 22.
Nb5 b6 23. Na7 Nc7 24. Bc6 Rd8 25. Bxd7 Rxd7 26. Nc8+ Kd8 27. Nxb6 Rxd1+ 28. Kxd1 Ke7 29. Kd2 e5 30. b4 Kd6 31. Kc3 Ne6 32. Na4 cxb4+ 33.
axb4 e4 34. b5 g5 35. Kb4 f4 36. c5+ Kc7 37. Nc3 e3 38. fxe3 fxe3 39. Nd5+ 1-0

[Event "*** Titled Tuesday Blitz"]
[Site "Chess.com"]
[Date "2020.12.01"]
[Round "10"]
[White "SergeiAza"]
[Black "PavelShkapenko"]
[Result "1-0"]
[WhiteElo "2832"]
[BlackElo "2692"]
[TimeControl "180+1"]
[EndTime "11:53:44 PST"]
[Termination "SergeiAza won by resignation"]

1. e4 e5 2. Nf3 Nc6 3. Bb5 Bc5 4. O-O d6 5. Bxc6+ bxc6 6. d4 exd4 7. Nxd4 Ne7 8. Be3 O-O 9. Nc3 Bb6 10. Qd2 Bxd4 11. Bxd4 c5 12. Be3 Be6 13. Rad1 Qc8 14. Rfe1 Qb7 15. b3 f6 16. f3 Rad8 17. Qf2 Kh8 18. Ne2 Ng6 19. c4 f5 20. exf5 Bxf5 21.
Nc3 Ne5 22. Qg3 Rde8 23. Bxc5 Nxf3+ 24. Qxf3 Qxf3 25. gxf3 dxc5 26. Rxe8 Rxe8 27. Kf2 h6 28. Rd5 Rf8 29. Kg3 Rf7 30. Rxc5 Bc8 31. Nd5 Bb7 32.
Rxc7 Bxd5 33. Rc8+ Kh7 34. cxd5 Rd7 35. Rc5 Kg6 36. Kf4 Kf6 37. Rc6+ Kf7 38. Ke5 1-0

[Event "*** Titled Tuesday Blitz"]
[Site "Chess.com"]
[Date "2020.12.01"]
[Round "10"]
[White "Anna_ChessMate"]
[Black "Mazetovic"]
[Result "0-1"]
[WhiteElo "2576"]
[BlackElo "2728"]
[TimeControl "180+1"]
[EndTime "11:53:46 PST"]
[Termination "Mazetovic won by resignation"]

1. d4 Nf6 2. c4 g6 3. g3 Bg7 4. Bg2 O-O 5. Nc3 d6 6. Nf3 c6 7. O-O Qa5 8. e4 e5 9. h3 Nbd7 10. Qc2 exd4 11. Nxd4 Qc5 12. Be3 Qxc4 13. b3 Qa6 14.
Rfd1 Re8 15. Bf1 Qa5 16. Rab1 Qh5 17. Nde2 Ne5 18. Nf4 Nf3+ 19. Kg2 Qh6 20. Kxf3 g5 21. h4 gxf4 22. Bxf4 Bg4+ 23. Kg2 Bxd1 24. Rxd1 Qh5 25. Rxd6 Rad8 26. Rxd8 Rxd8 27. Bc4 b5 28. Be2 Qc5 29. Be3 Qe7 30. Bf3 Nd7 31. Ne2 Ne5 32. Bh5 Qd7 33. Nd4 c5 34. Nf5 Qd3 35. Qxc5 Qxe4+ 36. Kh2 Qxf5 37.
Qe7 Bf6 0-1

[Event "*** Titled Tuesday Blitz"]
[Site "Chess.com"]
[Date "2020.12.01"]
[Round "10"]
[White "vova-79"]
[Black "politeplayer"]
[Result "1-0"]
[WhiteElo "2458"]
[BlackElo "2249"]
[TimeControl "180+1"]
[EndTime "11:53:49 PST"]
[Termination "vova-79 won by resignation"]

1. d4 Nf6 2. c4 c5 3. Nf3 cxd4 4. Nxd4 g6 5. Nc3 Bg7 6. g3 O-O 7. Bg2 Nc6 8. O-O Qa5 9. Nb3 Qh5 10. e4 d6 11. Qxh5 gxh5 12. c5 Be6 13. cxd6 exd6 14. Bf4 Bxb3 15. axb3 Nd4 16. Bxd6 Rfd8 17. e5 Ng4 18. Bxb7 Rab8 19. Bxb8 Rxb8 20. Rxa7 Bxe5 21. Ra8 Rxa8 22. Bxa8 Nxb3 23. Bd5 Nd4 24. Kg2 h4 25. h3 Nf6 26. g4 h5 27. f4 Bd6 28. g5 Nxd5 29. Nxd5 Kg7 30. Rd1 Nf5 31. Kf3 Bc5 32.
b4 Bd4 33. Ke4 Kg6 34. Rxd4 1-0

[Event "*** Titled Tuesday Blitz"]
[Site "Chess.com"]
[Date "2020.12.01"]
[Round "10"]
[White "Region_07"]
[Black "fyall777"]
[Result "0-1"]
[WhiteElo "2458"]
[BlackElo "2322"]
[TimeControl "180+1"]
[EndTime "11:53:50 PST"]
[Termination "fyall777 won on time"]

1. d4 c5 2. c3 e6 3. Nf3 b6 4. Bg5 Be7 5. h4 Bb7 6. Nbd2 h6 7. Bxe7 Nxe7 8. e3 d6 9. a4 a6 10. Bd3 Nd7 11. Qe2 O-O 12. Rg1 e5 13. dxe5 Nxe5 14.
Nxe5 dxe5 15. Be4 Bxe4 16. Nxe4 Qd5 17. Qc2 f5 18. Nd2 e4 19. Qb3 Rad8 20. Qxd5+ Rxd5 21. Ke2 Rfd8 22. Rgd1 Ng6 23. Nc4 b5 24. axb5 axb5 25.
Na3 b4 26. cxb4 cxb4 27. Nc2 Nxh4 28. g3 Nf3 29. Nxb4 Rd2+ 30. Rxd2 Rxd2+ 31. Kf1 Nh2+ 32. Ke1 Rxb2 33. Nd5 Ng4 34. Ra8+ Kh7 35. Ne7 Rxf2 36. Rf8 Rf3 37. Nxf5 Nxe3 0-1

[Event "*** Titled Tuesday Blitz"]
[Site "Chess.com"]
[Date "2020.12.01"]
[Round "10"]
[White "Natalya_Buksa"]
[Black "karinachess1"]
[Result "0-1"]
[WhiteElo "2566"]
[BlackElo "2510"]
[TimeControl "180+1"]
[EndTime "11:53:51 PST"]
[Termination "karinachess1 won by resignation"]

1. d4 Nf6 2. Nc3 d5 3. Bf4 g6 4. e3 Bg7 5. Nf3 O-O 6. h4 h5 7.
Ne5 c5 8. Qd2 Nc6 9. Be2 cxd4 10.
exd4 Bf5 11. Nxc6 bxc6 12. Be5 c5 13. O-O cxd4 14. Qxd4 Bxc2 15. Rac1 Bf5 16. Rfd1 Qb6 17. Nxd5 Nxd5 18. Qxd5 Rad8 19. Qc4 Bxe5 20. Bf3 Rxd1+ 21. Rxd1 Rd8 22. Rxd8+ Qxd8 23. b4 Qd4 24. Qc1 Qxb4 25. g3 Qc3 26. Qd1 Qa1 27. Kg2 Qxd1 28. Bxd1 Be4+ 29.
f3 Bd5 30. a4 a5 31. g4 hxg4 32.
Kf2 Bxf3 33. Bc2 Bc6 34. Bb3 g3+ 35. Kg1 g2 0-1

[Event "*** Titled Tuesday Blitz"]
[Site "Chess.com"]
[Date "2020.12.01"]
[Round "10"]
[White "nonsopolo1"]
[Black "marabu44"]
[Result "1-0"]
[WhiteElo "2208"]
[BlackElo "2241"]
[TimeControl "180+1"]
[EndTime "11:53:54 PST"]
[Termination "nonsopolo1 won by resignation"]

1. e4 e5 2. Nf3 Nc6 3. Bb5 a6 4. Ba4 d6 5. h3 Bd7 6. c3 Nge7 7.
O-O Ng6 8. d4 Be7 9. Be3 O-O 10.
Nbd2 h6 11. Bb3 Na5 12. Bc2 b5 13. d5 Nh4 14. Nxh4 Bxh4 15. b4 Nb7 16. f4 exf4 17.
Bxf4 Bg5 18. Qf3 Qf6 19. Bxg5 Qxf3 20. Nxf3 hxg5 21. Nxg5 a5 22. a3 axb4 23. axb4 g6 24. Rxa8 Rxa8 25. Rxf7 Rd8 26. g4 Be8 27. Rxc7 Rd7 28.
Rc8 Rd8 29. Rxd8 Nxd8 30. Bd3 Nf7 31. Nxf7 Kxf7 32. Kf2 Kf6 33. h4 Ke5 34. Ke3 Bd7 35.
Be2 Be8 36. h5 gxh5 37. gxh5 Kf6 38. Kd4 Kg5 39. e5 dxe5+ 40. Kxe5 1-0

[Event "*** Titled Tuesday Blitz"]
[Site "Chess.com"]
[Date "2020.12.01"]
[Round "10"]
[White "vovachesss"]
[Black "Nadtkins"]
[Result "0-1"]
[WhiteElo "2608"]
[BlackElo "2527"]
[TimeControl "180+1"]
[EndTime "11:53:55 PST"]
[Termination "Nadtkins won by resignation"]

1. a3 g6 2. h3 Bg7 3. g4 d5 4.
Bg2 e5 5. c4 c6 6. cxd5 cxd5 7.
d3 Ne7 8. Nc3 Nbc6 9. Nf3 O-O 10. O-O h6 11. Qa4 a6 12. Bd2 b5 13. Nxb5 axb5 14.
Qxa8 Qb6 15. a4 Bb7 16. a5 Qc7 17. Qxf8+ Kxf8 18. Rfc1 Ba6 19. Ne1 f5 20. gxf5 gxf5 21.
Rc5 e4 22. dxe4 fxe4 23. Rb1 Qd6 24. b4 Nf5 25. e3 Nh4 26. Rbc1 Ne5 27. Rc8+ Bxc8 28.
Rxc8+ Ke7 29. Kf1 Nef3 30. Bc3 Bxc3 31. Rxc3 Nxe1 32. Kxe1 Qxb4 33. Kd2 Nxg2 0-1

[Event "*** Titled Tuesday Blitz"]
[Site "Chess.com"]
[Date "2020.12.01"]
[Round "10"]
[White "catzapto"]
[Black "GMJustin"]
[Result "0-1"]
[WhiteElo "2120"]
[BlackElo "2279"]
[TimeControl "180+1"]
[EndTime "11:53:59 PST"]
[Termination "GMJustin won by checkmate"]

1. e4 c5 2. Nf3 d6 3. c3 Nf6 4. Be2 Bd7 5. Qc2 Qc7 6. O-O g6 7. Na3 Bg7 8. d4 cxd4 9. cxd4 Qxc2 10. Nxc2 Nxe4 11. Re1 Nf6 12. Bc4 Nc6 13. d5 Na5 14. b3 Nxc4 15. bxc4 Rc8 16. Rb1 Rxc4 17. Ne3 Rc7 18. Nf1 Nxd5 19. Bd2 O-O 20. h3 Rfc8 21. Ne3 Nxe3 22. Bxe3 b6 23. Nd4 e5 24. Nb3 d5 25. Red1 d4 26. Bd2 Bf5 27. Rbc1 Rxc1 28. Nxc1 Bc2 29. Re1 e4 30. Bb4 f5 31. g4 a5 32. Bd6 d3 33. Bf4 Bc3 34. Rf1 d2 35.
Bxd2 Bxd2 36. Ne2 Bd3 37. gxf5 gxf5 38. Rb1 Bxb1 39. Ng3 e3 40. Nxf5 e2 41. Ne7+ Kf7 42. Nxc8 e1=Q+ 43. Kg2 Be4+ 44. Kg3 Qg1+ 45. Kh4 Qg5# 0-1

[Event "*** Titled Tuesday Blitz"]
[Site "Chess.com"]
[Date "2020.12.01"]
[Round "10"]
[White "Iskusnyh"]
[Black "Arseniy_Nesterov"]
[Result "1-0"]
[WhiteElo "2636"]
[BlackElo "2819"]
[TimeControl "180+1"]
[EndTime "11:54:03 PST"]
[Termination "Iskusnyh won by resignation"]

1. d4 d5 2. c4 c6 3. Nf3 Nf6 4. g3 Bf5 5. Nc3 e6 6. Nh4 dxc4 7. Nxf5 exf5 8. e3 Nbd7 9. Bxc4 Nb6 10. Bb3 Qd7 11. Bd2 h5 12. Qf3 h4 13. O-O-O O-O-O 14. Kb1 Nbd5 15. Rc1 Nxc3+ 16. Bxc3 Kb8 17. Rhd1 hxg3 18.
hxg3 Nd5 19. Ba5 Re8 20. Bxd5 cxd5 21. Rc7 Qb5 22. Rdc1 Qxa5 23. Qf4 Bd6 24. Qxd6 Ka8 25. Qd7 Rb8 26. Qxf7 Qd2 27. Qxf5 Rhf8 28. Qxf8 Qxc1+ 29. Kxc1 Rxf8 30. f4 1-0

[Event "*** Titled Tuesday Blitz"]
[Site "Chess.com"]
[Date "2020.12.01"]
[Round "10"]
[White "sopo-tereladze"]
[Black "WelshTiger"]
[Result "1-0"]
[WhiteElo "2319"]
[BlackElo "2437"]
[TimeControl "180+1"]
[EndTime "11:54:03 PST"]
[Termination "sopo-tereladze won by resignation"]

1. d4 f5 2. Nf3 Nf6 3. g3 g6 4. Bg2 Bg7 5. O-O O-O 6. c4 d6 7. d5 Na6 8. Nc3 Nc5 9. Nd4 a5 10. b3 Bd7 11. Bb2 Qe8 12. Qc2 c6 13. Rae1 cxd5 14.
Nxd5 Nxd5 15. cxd5 Rc8 16. Qb1 Qf7 17. Nf3 Ne4 18.
Bxg7 Qxg7 19. Qd3 Rc3 20. Qd1 Bb5 21. Nd4 Bd7 22. f3 Nf6 23. e4 fxe4 24. fxe4 Ng4 25. Rxf8+ Qxf8 26. Rf1 Qg7 27. Qd2 Rc8 28. Bh3 Qe5 29.
Bxg4 Bxg4 30. Qe3 Bd7 31. Nf3 Qc3 32. Qg5 Qf6 33. Qxf6 e6 34. dxe6 1-0

[Event "*** Titled Tuesday Blitz"]
[Site "Chess.com"]
[Date "2020.12.01"]
[Round "10"]
[White "VladimirBugayev"]
[Black "Chessalary"]
[Result "0-1"]
[WhiteElo "2280"]
[BlackElo "2396"]
[TimeControl "180+1"]
[EndTime "11:54:03 PST"]
[Termination "Chessalary won on time"]

1. e4 c5 2. Nc3 d6 3. f4 Nc6 4.
Nf3 Bg4 5. h3 Bxf3 6. Qxf3 Nf6 7. Bb5 a6 8. Bxc6+ bxc6 9. d3 e6 10. O-O Be7 11. b3 O-O 12. Bb2 d5 13. Rad1 Qc7 14.
g4 Nd7 15. Ne2 a5 16. a4 Rab8 17. Bc3 c4 18. bxc4 dxc4 19. dxc4 Bb4 20. Bd4 c5 21. Ba1 Qc6 22. Nc3 Bxc3 23. Qxc3 e5 24. Rd5 f6 25. Qxa5 Rb4 26. fxe5 Rxa4 27. Qb5 Qxb5 28. cxb5 Nb6 29. Rxc5 Rxe4 30. exf6 gxf6 31. Rc6 Nd5 32. c4 Nf4 33.
Kh2 Rd8 34. Bxf6 Rd2+ 35. Kg3 Rg2+ 36. Kh4 Ng6+ 37. Kg5 Kf7 38. Bc3+ Ke8 39. Rc7 Rc2 0-1

[Event "*** Titled Tuesday Blitz"]
[Site "Chess.com"]
[Date "2020.12.01"]
[Round "10"]
[White "chesstatour"]
[Black "Matols"]
[Result "0-1"]
[WhiteElo "1989"]
[BlackElo "2225"]
[TimeControl "180+1"]
[EndTime "11:54:03 PST"]
[Termination "Matols won on time"]

1. c4 e5 2. Nc3 Nf6 3. g3 d5 4.
cxd5 Nxd5 5. Bg2 Nb6 6. Nf3 Nc6 7. O-O Be7 8. d3 O-O 9. Be3 Be6 10. Na4 Nd5 11. Bc5 f6 12. Rc1 b6 13. Bxe7 Ncxe7 14. Ne1 c5 15. a3 Rc8 16. Nc3 Qd7 17. Nc2 Rfd8 18. Ne3 Nxe3 19. fxe3 Bh3 20. Bxh3 Qxh3 21. e4 c4 22. Qc2 cxd3 23. exd3 Nc6 24. Qb3+ Kh8 25.
Nd5 Nd4 26. Rxc8 Rxc8 27. Qd1 Rc2 28. Rf2 Rxf2 29. Kxf2 Qxh2+ 30. Ke3 Qxg3+ 31. Kd2 Qf2+ 32. Kc3 h6 33. Qa4 Qe1+ 0-1

[Event "*** Titled Tuesday Blitz"]
[Site "Chess.com"]
[Date "2020.12.01"]
[Round "10"]
[White "CoachHakia"]
[Black "toog"]
[Result "1/2-1/2"]
[WhiteElo "2143"]
[BlackElo "2335"]
[TimeControl "180+1"]
[EndTime "11:54:04 PST"]
[Termination "Game drawn by repetition"]

1. e4 c6 2. d4 d5 3. exd5 cxd5 4. Bd3 Nc6 5. Nf3 Bg4 6. c3 e6 7. O-O Bd6 8. Re1 Nge7 9. Nbd2 Qc7 10. h3 Bf5 11.
Bf1 h6 12. Ne5 Nxe5 13. dxe5 Bxe5 14. Nf3 Bd6 15. Nd4 O-O 16. Qh5 Bg6 17. Qg4 Nf5 18.
h4 Nxd4 19. cxd4 Bf5 20. Qh5 Rac8 21. Be3 Qb6 22. b3 Ba3 23. Rad1 Bc2 24. Rd2 Bb4 25.
Rxc2 Rxc2 26. Bxh6 Bxe1 27. Bxg7 Bxf2+ 28. Kh1 Kxg7 29. Qg5+ Kh7 30. Qh5+ Kg7 31. Qg5+ Kh7 32. Qh5+ Kg7 1/2-1/2

[Event "*** Titled Tuesday Blitz"]
[Site "Chess.com"]
[Date "2020.12.01"]
[Round "10"]
[White "Rsnr"]
[Black "GigaQuparadze"]
[Result "0-1"]
[WhiteElo "2803"]
[BlackElo "2928"]
[TimeControl "180+1"]
[EndTime "11:54:05 PST"]
[Termination "GigaQuparadze won by resignation"]

1. d4 Nf6 2. c4 e6 3. Nf3 b6 4. a3 Bb7 5. Nc3 c6 6. e4 d5 7. e5 Ne4 8. Bd3 Nxc3 9. bxc3 Be7 10.
O-O Nd7 11. Qc2 dxc4 12. Bxc4 c5 13. Qe2 Rc8 14. Bb5 cxd4 15. cxd4 O-O 16. a4 Nb8 17. Rd1 Nc6 18. Ba3 Bxa3 19. Rxa3 Nb4 20. h4 Nd5 21. Qd2 h6 22. Bd3 Ne7 23. Qf4 Ng6 24. Qg4 Bxf3 25.
Qxf3 Qxh4 26. g3 Qg5 27. Qe4 f5 28. exf6 Rxf6 29. Ra2 Rcf8 30. Re1 h5 31. Bc4 Nf4 32.
Kh2 Nd5 33. f4 Nxf4 34. gxf4 Qh4+ 35. Kg1 Rxf4 36. Qxe6+ Kh8 37. Rg2 Rf2 38. Qe4 Rxg2+ 39. Kxg2 Rf2+ 0-1

[Event "*** Titled Tuesday Blitz"]
[Site "Chess.com"]
[Date "2020.12.01"]
[Round "10"]
[White "albi1999"]
[Black "CakeinSpace2002"]
[Result "0-1"]
[WhiteElo "2544"]
[BlackElo "2382"]
[TimeControl "180+1"]
[EndTime "11:54:05 PST"]
[Termination "CakeinSpace2002 won by resignation"]

1. f4 c5 2. Nf3 g6 3. g3 Bg7 4. Bg2 Nc6 5. O-O d5 6. d3 d4 7. c3 Nh6 8. e4 dxe3 9. Bxe3 Qa5 10. Kh1 Ng4 11. Bg1 O-O 12. Nbd2 Bf5 13. Nc4 Qc7 14.
Bxc5 Rfd8 15. Ne1 Rac8 16. Bg1 b5 17. Ne3 Nxe3 18. Bxe3 b4 19. Rc1 bxc3 20. bxc3 Qa5 21. Qb3 Bxd3 22. Nxd3 Rxd3 23. Bg1 Rxc3 24. Qb7 Rb8 25.
Qd7 Rd8 26. Qb7 Rb8 27. Qd7 Rd8 28. Qg4 h5 29. Qe2 Rxc1 30. Rxc1 Nd4 31. Qxe7 Nf5 32. Qxa7 Qxa7 33. Bxa7 Rd2 34. a4 Ra2 35. Bc6 Bd4 36.
Bxd4 Nxd4 37. Bd7 Nf3 0-1

[Event "*** Titled Tuesday Blitz"]
[Site "Chess.com"]
[Date "2020.12.01"]
[Round "10"]
[White "RaphCamora"]
[Black "Mikasinski"]
[Result "1-0"]
[WhiteElo "2417"]
[BlackElo "2287"]
[TimeControl "180+1"]
[EndTime "11:54:05 PST"]
[Termination "RaphCamora won on time"]

1. e4 c5 2. Nf3 d6 3. d4 cxd4 4. Nxd4 Nf6 5. Nc3 g6 6. Be3 Bg7 7. f3 O-O 8. Qd2 Nc6 9. Bc4 Bd7 10. h4 Rc8 11. Bb3 h5 12. O-O-O Ne5 13. Bg5 Rc5 14. Kb1 b5 15. g4 hxg4 16. h5 Nxh5 17.
Nd5 Re8 18. Rxh5 gxh5 19. Qh2 Rxd5 20. Bxd5 Qb6 21. f4 Ng6 22. Qxh5 e6 23. Nf5 exf5 24.
Qxg6 Be6 25. Bxe6 Rxe6 26. Qxf5 g3 27. Qg4 Qe3 28. e5 d5 29. Bf6 1-0

[Event "*** Titled Tuesday Blitz"]
[Site "Chess.com"]
[Date "2020.12.01"]
[Round "10"]
[White "Oglob71"]
[Black "csati17"]
[Result "1-0"]
[WhiteElo "2450"]
[BlackElo "2568"]
[TimeControl "180+1"]
[EndTime "11:54:06 PST"]
[Termination "Oglob71 won on time"]

1. d4 Nf6 2. Nf3 g6 3. c4 Bg7 4. Nc3 d5 5. e3 O-O 6. b4 c6 7. Bb2 dxc4 8. Bxc4 Nd5 9. Nxd5 cxd5 10. Be2 a5 11. b5 Nd7 12. O-O Nb6 13. Rc1 Bf5 14. Ba3 Re8 15. Bc5 Rc8 16. Qb3 Be4 17. Nd2 Bf5 18.
Bxb6 Qxb6 19. Qxd5 Be6 20. Qg5 Rxc1 21. Rxc1 h6 22.
Qc5 Qxc5 23. dxc5 Bxa2 24. Bc4 Bxc4 25. Nxc4 Ra8 26. c6 bxc6 27. bxc6 Ra6 28. Nb6 Be5 29. Nd5 Kg7 30. c7 Bxc7 31. Nxc7 Rd6 32. Nb5 Rd2 33.
g3 h5 34. Ra1 h4 35. gxh4 Rd5 36. Nc3 Rh5 37. Ne2 Rxh4 38. Rxa5 Rb4 39. Kg2 f6 40. Ng3 f5 41. h3 Kf6 42. Ra6+ e6 43. f4 Rb2+ 44.
Kf3 Rb1 45. Ne2 Rb7 46. Nd4 Re7 47. h4 Kf7 48. Kg3 Kf6 49. Nf3 Re8 50. Ra7 Rd8 51. Ne5 1-0

[Event "*** Titled Tuesday Blitz"]
[Site "Chess.com"]
[Date "2020.12.01"]
[Round "10"]
[White "maxip32"]
[Black "pavelalexandru07"]
[Result "1-0"]
[WhiteElo "2491"]
[BlackElo "2346"]
[TimeControl "180+1"]
[EndTime "11:54:08 PST"]
[Termination "maxip32 won by resignation"]

1. f4 d5 2. Nf3 Bg4 3. e3 Bxf3 4. Qxf3 e6 5. b3 Nf6 6. Bb2 Be7 7. Nc3 h5 8. Bd3 c5 9. Bb5+ Nc6 10. Bxc6+ bxc6 11.
O-O Qc7 12. Na4 O-O 13. d3 Rad8 14. g3 d4 15. e4 e5 16. f5 Ng4 17. Bc1 g6 18. h3 Nf6 19. g4 hxg4 20. hxg4 Nh7 21.
Bh6 Bg5 22. Bxf8 Rxf8 23. Kg2 Qe7 24. Rh1 Bf6 25. Raf1 Bg7 26. Qg3 Qg5 27. Rf2 Nf6 28. Qh4 Qxg4+ 29. Qxg4 Nxg4 30. Re2 Ne3+ 31. Kf3 gxf5 32.
exf5 Nxf5 33. Nxc5 Nd6 34. Nd7 Rd8 35. Nxe5 Re8 36.
Nxc6 Rxe2 37. Kxe2 Nf5 38. Kf3 1-0

[Event "*** Titled Tuesday Blitz"]
[Site "Chess.com"]
[Date "2020.12.01"]
[Round "10"]
[White "Pogosian_Manvel"]
[Black "Savagelittlemole"]
[Result "0-1"]
[WhiteElo "2399"]
[BlackElo "2533"]
[TimeControl "180+1"]
[EndTime "11:54:11 PST"]
[Termination "Savagelittlemole won by resignation"]

1. Nf3 c5 2. g3 d5 3. Bg2 Nc6 4. O-O e5 5. d3 Nf6 6. Nbd2 Bd6 7. e4 O-O 8. a4 Re8 9. h3 h6 10. exd5 Nxd5 11. Nc4 Bc7 12. Bd2 Be6 13. Re1 f6 14. Qc1 Qd7 15. Kh2 Nb6 16. b3 Nxc4 17. bxc4 Rab8 18. Rb1 b6 19. Bc3 Nd4 20. Nxd4 exd4 21. Bd2 Kf8 22. Ra1 Bf5 23. a5 Rxe1 24. Qxe1 Re8 25.
Qd1 Bg6 26. axb6 axb6 27. Ra7 Bxg3+ 28. fxg3 Qxa7 29. Qg4 Bf7 30. Qf5 Qe7 31. Qh7 Bg8 32. Qh8 Qe2 33. Bf4 Qxc2 34. Bd6+ Kf7 35. Kg1 Re1+ 36. Kh2 Re2 0-1

[Event "*** Titled Tuesday Blitz"]
[Site "Chess.com"]
[Date "2020.12.01"]
[Round "10"]
[White "KonstantinB_1983"]
[Black "hleol"]
[Result "0-1"]
[WhiteElo "2471"]
[BlackElo "2338"]
[TimeControl "180+1"]
[EndTime "11:54:14 PST"]
[Termination "hleol won by resignation"]

1. d4 d5 2. c4 c6 3. e3 Nf6 4. Nc3 e6 5. Nf3 Nbd7 6. Bd3 dxc4 7. Bxc4 b5 8. Bd3 Bd6 9. O-O Bb7 10. e4 e5 11.
dxe5 Nxe5 12. Nxe5 Bxe5 13. Qe2 O-O 14. f4 Bd4+ 15.
Kh1 h5 16. e5 Ng4 17. Qe4 g6 18. h3 Qh4 19. Qxd4 c5 20. Qe4 Bxe4 21. Nxe4 Rfd8 22. Bxb5 Nxe5 23. Be3 Nd3 24. Ng5 Qg3 25. Bc4 Qxe3 26. Nxf7 Kg7 27. Rf3 Nf2+ 28. Kh2 Qd4 29. Ne5 Ne4 30.
Re1 Nf6 31. Rg3 Qxf4 32. Nxg6 Qxg3+ 33. Kxg3 Kxg6 34. Re5 Rd4 35. b3 h4+ 36. Kh2 Rad8 37. Re6 Rd2 38. Re5 Rxa2 39. Be2 Rdd2 40. Bf3 Rf2 41.
Rxc5 Rxf3 42. Kg1 Rg3 43. Rc1 Rgxg2+ 0-1

[Event "*** Titled Tuesday Blitz"]
[Site "Chess.com"]
[Date "2020.12.01"]
[Round "10"]
[White "garfio2017"]
[Black "MIJuanReyesRosa"]
[Result "0-1"]
[WhiteElo "2270"]
[BlackElo "2086"]
[TimeControl "180+1"]
[EndTime "11:54:14 PST"]
[Termination "MIJuanReyesRosa won by resignation"]

1. e4 c5 2. Nc3 a6 3. Nf3 e6 4. d4 cxd4 5. Nxd4 Qc7 6. Be3 Bb4 7.
Ne2 Nf6 8. a3 Be7 9. Ng3 O-O 10.
Be2 d6 11. O-O b5 12. Bf3 Bb7 13. e5 dxe5 14. Qe2 Nbd7 15. Rad1 Rac8 16. h3 Rfd8 17. Rd2 Nb6 18. Bxb6 Qxb6 19. Rfd1 Bxf3 20. Qxf3 h6 21.
Nge4 Nxe4 22. Nxe4 Rxd2 23. Rxd2 Rd8 24. Rxd8+ Bxd8 25. c3 a5 26. Qd3 Be7 27. Qd7 Bf8 28. g4 b4 29. axb4 axb4 30. c4 Qd4 31. Qc6 Qxb2 32.
Qa8 Qc1+ 33. Kg2 Qxc4 34. Nd6 Qd5+ 35. Qxd5 exd5 36. Nc4 dxc4 0-1

[Event "*** Titled Tuesday Blitz"]
[Site "Chess.com"]
[Date "2020.12.01"]
[Round "10"]
[White "Morshynska"]
[Black "djano"]
[Result "0-1"]
[WhiteElo "2279"]
[BlackElo "2461"]
[TimeControl "180+1"]
[EndTime "11:54:16 PST"]
[Termination "djano won on time"]

1. Nf3 g6 2. d4 Bg7 3. g3 Nf6 4. Bg2 O-O 5. O-O d6 6. b3 a5 7. a3 b6 8. Bb2 Bb7 9. c4 Nbd7 10. Nc3 Ne4 11. Qc2 Ndf6 12. d5 Nxc3 13. Bxc3 e6 14. e4 e5 15. Nd2 Nh5 16. b4 Qg5 17. bxa5 bxa5 18. Rab1 Bc8 19. c5 f5 20.
Nc4 Ba6 21. Bd2 Qe7 22. Rfc1 fxe4 23. cxd6 cxd6 24. Rb6 Rfc8 25. Rc6 Bb5 26. Nxa5 Bxc6 27.
Nxc6 Qf7 28. Bxe4 Nf6 29. Bg2 Bf8 30. Bb4 Nxd5 31. Bxd5 Qxd5 0-1

[Event "*** Titled Tuesday Blitz"]
[Site "Chess.com"]
[Date "2020.12.01"]
[Round "10"]
[White "DanilNajdin"]
[Black "juancruzarias"]
[Result "0-1"]
[WhiteElo "2383"]
[BlackElo "2514"]
[TimeControl "180+1"]
[EndTime "11:54:17 PST"]
[Termination "juancruzarias won on time"]

1. e4 e6 2. d4 d5 3. Nd2 Be7 4. Bd3 c5 5. exd5 Qxd5 6. dxc5 Nf6 7.
Ngf3 Nbd7 8. b4 a5 9. bxa5 Nxc5 10. Bc4 Qh5 11. O-O O-O 12. Ba3 Rxa5 13. Bb4 Ra8 14.
Nb3 b6 15. Nxc5 Bxc5 16. Bxc5 Qxc5 17. Qd4 Qxd4 18. Nxd4 Ra4 19. Nxe6 Bxe6 20. Bxe6 fxe6 21. Rfb1 Nd5 22. Rb3 Rfa8 23. a3 Rc8 24. Ra2 Rac4 25. Rbb2 Rd4 26. g3 Rd2 27. Kg2 Ne3+ 28. Kf3 Rcxc2 29.
Rxc2 Rxc2 30. Ra1 Nd5 31. a4 Kf7 32. a5 bxa5 33. Rxa5 Kf6 34. h4 h5 35. Ra7 g6 36.
Rb7 Rc3+ 37. Kg2 Kf5 38. Ra7 Nf6 39. Ra5+ e5 40. Ra8 Ng4 41. Rf8+ Ke6 42. f3 Rc2+ 43. Kg1 Ne3 44. Kh1 Rf2 45. f4 exf4 46. gxf4 Nf5 47.
Rg8 Nxh4 48. Kg1 Rg2+ 49. Kh1 Kf5 50. Rf8+ Kg4 0-1

[Event "*** Titled Tuesday Blitz"]
[Site "Chess.com"]
[Date "2020.12.01"]
[Round "10"]
[White "niki_2003"]
[Black "glebus008"]
[Result "0-1"]
[WhiteElo "2022"]
[BlackElo "2241"]
[TimeControl "180+1"]
[EndTime "11:54:17 PST"]
[Termination "glebus008 won by resignation"]

1. d4 d5 2. c4 e6 3. Nc3 c6 4.
e4 dxe4 5. Nxe4 Bb4+ 6. Bd2 Qxd4 7. Bxb4 Qxe4+ 8. Be2 c5 9. Bxc5 Qxg2 10. Qd6 Nd7 11. Bf3 Qg5 12. Ba3 Qe5+ 13. Ne2 Qxd6 14. Bxd6 Ne7 15. O-O-O Nf5 16. Ba3 f6 17. h4 h5 18. Nf4 Kf7 19. Bxh5+ Rxh5 20. Nxh5 Ne5 21. f4 Nxc4 22. Bb4 a5 23. Bc3 b5 24. a3 b4 25. b3 Nce3 26. axb4 Nxd1 27. Rxd1 axb4 28. Bxb4 Ra1+ 29. Kd2 Rxd1+ 30. Kxd1 Nd4 31. Ng3 Nxb3 32. Ne4 Kg6 33. Kc2 Nd4+ 34. Kd3 Nf5 35. Nd6 Ba6+ 36. Ke4 Nxh4 37. Ne8 Bb7+ 38. Ke3 Bc6 39. Nd6 Ng2+ 40. Kf2 Nxf4 0-1

[Event "*** Titled Tuesday Blitz"]
[Site "Chess.com"]
[Date "2020.12.01"]
[Round "10"]
[White "rasmussvane"]
[Black "Hikaru"]
[Result "0-1"]
[WhiteElo "2898"]
[BlackElo "3188"]
[TimeControl "180+1"]
[EndTime "11:54:18 PST"]
[Termination "Hikaru won by resignation"]

1. Nf3 g6 2. e4 c5 3. d4 Bg7 4.
c4 Qa5+ 5. Nc3 Nc6 6. d5 Nd4 7. Bd2 d6 8. Nxd4 cxd4 9. Nb5 Qb6 10. Qa4 Bd7 11. Ba5 Qc5 12. Qb3 Bxb5 13. cxb5 Nf6 14.
Bd3 O-O 15. O-O Rac8 16. Bd2 Nd7 17. a4 Qc7 18. Rfc1 Nc5 19. Qd1 Qd7 20. Bf4 f5 21. exf5 Nxd3 22. Qxd3 Rxc1+ 23. Rxc1 Qxf5 24. Qxf5 Rxf5 25.
Bd2 Rxd5 26. Rc7 Rc5 27. Rxe7 Rc2 28. Bf4 d3 29. g3 d2 30. Bxd2 Rxd2 31. Rxb7 Bd4 32.
a5 Rxf2 33. Kh1 Rxb2 34. b6 axb6 35. a6 b5 36. a7 Bxa7 37. Rxa7 b4 38. Rd7 b3 39.
Rb7 d5 40. h4 d4 41. Kg1 d3 42. Kf1 Rb1+ 0-1